 Dungeon Crawl Stone Soup version 0.32-a0-460-gc8eefc90e7 (webtiles) character file.

Game seed: 4482686196276083179

103 GordonOverkill the Sneak (level 4, -3/36 HPs)
             Began as a Spriggan Delver on Feb 24, 2024.
             Slain by Menkaure (13 damage)
             ... in an ossuary.
             The game lasted 00:06:33 (2058 turns).

GordonOverkill the Sneak (Spriggan Delver)          Turns: 2058, Time: 00:06:33

Health: -3/36      AC: 22    Str:  5 (8)  XL:     4   Next: 51%
Magic:  9/9        EV:  4    Int: 12 (13) God:
Gold:   39         SH:  0    Dex: 14 (16) Spells: 9/9 levels left

rFire   . . .        a - +0 short sword
rCold   . . .        (no shield)
rNeg    . . .        b - melded +0 robe
rPois   +            (helmet currently unavailable)
rElec   .            f - melded +2 cloak
rCorr   .            (gloves unavailable)
SInv    +            (boots unavailable)
Will    .....        (no amulet)
Stlth   +++          (no ring)
HPRegen 0.26/turn    (no ring)
MPRegen 0.11/turn

%: no passive effects
@: tree-form
A: stationary, stasis, torment immunity, boosted hp, very small, no large
weapons, unfitting armour, see invisible, (speed 3)
a: no special abilities


You were in an ossuary.
You were a tree.
You visited 1 branch of the dungeon, and saw 5 of its levels.
You also visited: Ossuary.

You collected 39 gold pieces.

Inventory:

Hand Weapons
 a - a +0 short sword (weapon)
Armour
 b - a +0 robe (melded)
 f - a +2 cloak (melded)
Wands
 g - a wand of digging (3)
Scrolls
 c - a scroll of fog
 d - 2 scrolls of revelation
 h - a scroll of blinking {unknown}
 i - 3 scrolls of identify {unknown}
 m - 3 scrolls of enchant armour {unknown}


   Skills:
 - Level 3.0 Fighting
 - Level 2.1 Short Blades
 - Level 2.6 Dodging
 - Level 7.2 Stealth
 - Level 3.0 Spellcasting
 + Level 1.8 Conjurations


You had 9 spell levels left.
You didn't know any spells.
Your spell library contained the following spells:

 Spells                   Type           Power      Damage    Failure   Level
 Sublimation of Blood     Necr           1%         N/A       36%         2
 Petrify                  Alch/Erth      1%         N/A       94%         4
 Irradiate                Conj/Alch      2%         3d12      99%         5


Dungeon Overview and Level Annotations

Branches:
Dungeon (6/15)            Ossuary (1/1)
 Temple: D:4-7

Altars:

Annotations:
D:6 exclusions: 2 black bears and hound Ossuary Menkaure


Innate Abilities, Weirdness & Mutations

You are a tree.
Your roots penetrate the ground, keeping you stationary.
You cannot be teleported.
You are immune to unholy pain and torment.
Your maximum health is greatly increased.
Your equipment is partially melded.
You are very small and have problems with some larger weapons.
You are too small for most types of armour.
You have supernaturally acute eyesight. (SInv)
((You cover ground extremely quickly. (Speed+++)))


Message History

Your roots penetrate the ground.
Menkaure sighs a few words.
You hit Menkaure but do no damage. Menkaure hits you.
You barely miss Menkaure. Menkaure hits you!
* * * LOW HITPOINT WARNING * * *
You are too injured to fight recklessly!
You are too injured to fight recklessly!
You are too injured to fight recklessly!
You hit Menkaure.
Menkaure is lightly damaged.
You hit Menkaure.
Menkaure is moderately damaged.
Menkaure barely misses you.
You hit Menkaure.
Menkaure is moderately damaged.
Menkaure hits you but does no damage.
You barely miss Menkaure.
Menkaure is moderately damaged.
You hit Menkaure.
Menkaure is moderately damaged.
Menkaure hits you but does no damage.
You hit Menkaure.
Menkaure is moderately damaged.
Menkaure hits you!
* * * LOW HITPOINT WARNING * * *
You hit Menkaure but do no damage.
Menkaure is moderately damaged.
Menkaure gestures wildly while chanting.
Menkaure seems to speed up.
You hit Menkaure.
Menkaure is moderately damaged.
Menkaure grins.
Menkaure barely misses you.
It was a potion of degeneration.
There was something very wrong with that liquid.
You feel weakened.
You feel dopey.
You feel clumsy. Menkaure hits you.
* * * LOW HITPOINT WARNING * * *
It was a potion of magic.
Magic courses through your body. Menkaure hits you!
You die...

##..##..## ##.^##..##
##..##..## ##M.##..##
##..##..##
################..##..##
.....M...........^.##..##
######################..##
...............M♣........#
##########################


You could see Menkaure (fast).

Vanquished Creatures
  2 mummies (Ossuary)
  3 adders
  A dart slug (D:5)
  An orc (D:4)
  2 endoplasms (D:3)
  5 gnoll zombies (Ossuary)
  A goblin (D:3)
  A quokka (D:5)
  A bat (D:3)
  A frilled lizard (D:3)
  3 gnoll skeletons (Ossuary)
  4 goblin skeletons (Ossuary)
  4 goblin zombies (Ossuary)
  A hobgoblin skeleton (Ossuary)
  4 hobgoblin zombies (Ossuary)
  3 kobolds
  3 kobold skeletons (Ossuary)
  2 kobold zombies (Ossuary)
  8 orc skeletons (Ossuary)
  4 orc zombies (Ossuary)
  5 rat skeletons (Ossuary)
  6 rat zombies (Ossuary)
65 creatures vanquished.

Notes
Turn   | Place    | Note
-------+----------+-------------------------------------------
     0 | D:5      | GordonOverkill the Spriggan Delver began the quest for the
                  | Orb.
     0 | D:5      | Reached XP level 1. HP: 11/11 MP: 2/2
   128 | D:6      | Noticed a hound
   135 | D:6      | Noticed a black bear
   240 | D:6      | Noticed a black bear
   338 | D:6      | Noticed a jelly
   410 | D:5      | Reached XP level 2. HP: 16/16 MP: 3/3
   419 | D:5      | Reached skill level 1 in Spellcasting
   641 | D:2      | Reached XP level 3. HP: 20/20 MP: 5/7
   744 | D:4      | Found a sand-covered staircase.
   748 | D:4      | Noticed a scorpion
   763 | Ossuary  | Entered an ossuary
  1043 | Ossuary  | Reached skill level 1 in Conjurations
  1111 | Ossuary  | Reached XP level 4. HP: 24/24 MP: 9/9
  1253 | Ossuary  | Noticed Menkaure
  1731 | Ossuary  | HP: 1/24 [mummy (12)]
  2058 | Ossuary  | Slain by Menkaure

Illustrated notes

Levels and vault maps discovered:
D:2:      layout_basic, small_statue_intersection, uniq_sigmund
D:3:      layout_basic
D:4:      layout_layer_cave, mainiacjoe_overflow_chevrons,
          nicolae_gozag_cash_rules_everything_around_me,
          nicolae_ossuary_entry_false_entrances, uniq_ijyb, uniq_duvessa,
          uniq_edmund
D:5:      layout_basic, grunt_temple_overflow_champion_of_chaos, st_stairs_9
D:6:      layout_cave_pods, minmay_temple_entry_hall, serial_shops, shop
Ossuary:  ossuary_due_pyramid

Skill      XL: |  1  2  3 |
---------------+----------+-----
Fighting       | 3 |  3.0
Spellcasting   | 2 3 |  3.0
Conjurations   | 1 |  1.8
Short Blades   | |  2.1
Dodging        | |  2.6
Stealth        | |  7.2

Action                     |  1- 3 |  4- 6 || total
---------------------------+-------+-------++-------
  Melee: Short sword       |   226 |   123 ||   349
    Use: Potion            |     1 |     4 ||     5
         Scroll            |     1 |       ||     1
   Stab: Sleeping          |    11 |       ||    11
         Distracted        |       |     2 ||     2
 Armour: Robe              |    51 |    19 ||    70
         Skin              |       |     7 ||     7
  Dodge: Dodged            |   144 |    47 ||   191

Table legend: (Time is in decaauts)
 A = Elapsed time spent in this place.
 B = Non-inter-level travel time spent in this place.
 C = Inter-level travel time spent in this place.
 D = Time resting spent in this place.
 E = Time spent auto-exploring this place.
 F = Levels seen in this place.
 G = Mean time per level.
                   A        B        C        D        E       F      G
               +--------+--------+--------+--------+--------+-----+--------+
         Total |   1530 |   1523 |      7 |    448 |    181 |   6 |  255.0 |
       Dungeon |    505 |    498 |      7 |     52 |    181 |   5 |  101.0 |
       Ossuary |   1025 |   1025 |      0 |    395 |      0 |   1 | 1025.0 |
               +--------+--------+--------+--------+--------+-----+--------+

Top non-repeatable levels by time:
 Ossuary: 1025 daAuts
     D:6: 228 daAuts
     D:3: 112 daAuts
     D:4: 79 daAuts
     D:2: 53 daAuts
     D:5: 30 daAuts
